 Dungeon Crawl Stone Soup version 0.20-a0-893-g832831a (webtiles) character file.

65 Rrauwl the Covered (level 4, 0/55 HPs)
             Began as a Barachi Fighter on Mar 17, 2017.
             Succumbed to an adder's poison
             ... on level 2 of the Dungeon.
             The game lasted 00:03:34 (741 turns).

Rrauwl the Covered (Barachi Fighter)                 Turns: 741, Time: 00:03:35

Health: 0/55       AC: 22    Str: 17    XL:     4   Next: 13%
Magic:  4/4        EV:  2    Int: 10    God:
Gold:   48         SH: 10    Dex: 18    Spells: 3/3 levels left

rFire    . . .     SeeInvis .   a - +0 long sword
rCold    . . .     Gourm    .   (armour currently unavailable)
rNeg     + + +     Faith    .   c - +0 shield
rPois    +         Spirit   .   (helmet currently unavailable)
rElec    .         Reflect  .   (cloak currently unavailable)
rCorr    .         Harm     .   (gloves currently unavailable)
MR       .....     NoTele   +   (boots currently unavailable)
Stlth    +++.......             (no amulet)
Regen    0.2/turn               (no ring)
MPRegen  0.1/turn               (no ring)

@: agile, lethally poisoned (0 -> -4), tree-form
A: +LOS, swims, agile 1, deterioration 1, (slowness 0), (strong legs 0)
a: no special abilities


You were on level 2 of the Dungeon.
You were not hungry.
You were a tree.
You visited 1 branch of the dungeon, and saw 2 of its levels.

You collected 48 gold pieces.

Inventory:

Hand Weapons
 a - a +0 long sword (weapon)
Armour
 b - a +0 scale mail (melded)
 c - a +0 shield (worn)
Potions
 d - a potion of might
 g - a potion of agility
Comestibles
 f - a bread ration
 h - a chunk of flesh


   Skills:
 + Level 4.1 Fighting
 + Level 3.0 Long Blades
 + Level 4.1 Armour
 + Level 1.8 Dodging
 + Level 3.8 Shields


You had 3 spell levels left.
You didn't know any spells.

Dungeon Overview and Level Annotations

Branches:
Dungeon (2/15)

Altars:


Innate Abilities, Weirdness & Mutations

Shadows flee at your approach. (+LOS)
You can swim through water.
((You cover ground slowly.))
((You can hop short distances.))
You are agile. (Dex +2)
Your body sometimes deteriorates upon taking damage.


Message History

* * * LOW HITPOINT WARNING * * *
You feel sick. The adder closely misses you.
You riposte.
You hit the adder.
The adder is severely wounded.
It was a potion of mutation.
You feel extremely strange.
You feel yourself wasting away.
You feel agile. The adder closely misses you. You block the adder's attack.
You miss the adder.
The adder is severely wounded.
* * * LOW HITPOINT WARNING * * *
You feel sick. The adder bites you but does no damage.
You hit the adder.
You kill the adder!
You have reached level 4!
You feel clever.
* * * LOW HITPOINT WARNING * * *
You feel sick.
You turn into a tree.
Your +0 scale mail melds into your body.
Your roots penetrate the ground.
You die...

#<.# #..# #..#
#########).# #
...........# .
...........# .#
...........# .# #
...........####.#.##.#
...........♣†.........
.........#.##.........
###.#+####.##...#.##.#
... .......h)........
## .................
.####.##h........
...........#.#
.##............ . ..
.......#.#


There were no monsters in sight!

Vanquished Creatures
  2 adders (D:2)
  A dart slug (D:1)
  A leopard gecko (D:1)
  3 giant cockroaches (D:1)
  6 goblins
  4 hobgoblins (D:1)
  10 jackals
  6 kobolds
  4 rats (D:1)
37 creatures vanquished.

Notes
Turn   | Place    | Note
-------+----------+-------------------------------------------
     0 | D:1      | Rrauwl the Barachi Fighter began the quest for the Orb.
     0 | D:1      | Reached XP level 1. HP: 18/18 MP: 1/1
    44 | D:1      | Reached XP level 2. HP: 25/25 MP: 2/2
   166 | D:1      | Reached skill level 1 in Dodging
   221 | D:1      | Reached XP level 3. HP: 30/30 MP: 3/3
   738 | D:2      | Gained mutation: Your body sometimes deteriorates upon taking damage. [potion of mutation]
   738 | D:2      | Gained mutation: You are agile. (Dex +2) [potion of mutation]
   739 | D:2      | HP: 1/30 [poisoned by an adder]
   740 | D:2      | Reached XP level 4. HP: 2/37 MP: 4/4
   741 | D:2      | Succumbed to an adder's poison

Vault maps used:
D:1:      saegor_arrival_simple_b, st_stairs_13, kennysheep_flooded_box

Skill      XL: |  1  2  3 |
---------------+----------+-----
Dodging        | 1 |  1.8
Fighting       | 4 |  4.1
Long Blades    | 3 |  3.0
Armour         | 4 |  4.1
Shields        | |  3.8

Action                   |  1- 3 |  4- 6 || total
-------------------------+-------+-------++-------
Melee: Long sword        |   148 |       ||   148
  Use: Scroll            |     1 |       ||     1
       Potion            |     2 |     1 ||     3
Armor: Scale mail        |    82 |       ||    82
Dodge: Dodged            |    42 |       ||    42
Block: Shield            |    67 |       ||    67
       Rpst.: Long sword |    12 |       ||    12
